 Dungeon Crawl Stone Soup version 0.28-a0-779-g3d1f99b579 (webtiles) character file.

Game seed: 6608395317598396842

63427 cheechan the Severer (level 15, -2/103 HPs)
             Began as a Tengu Chaos Knight on Nov 2, 2021.
             Was a Plaything of Xom.
             Killed by divine providence
             ... invoked by an orc priest
              (13 damage)
             ... on level 2 of the Orcish Mines.
             The game lasted 01:29:11 (16721 turns).

cheechan the Severer (Tengu Chaos Knight)          Turns: 16721, Time: 01:29:11

Health: -2/103     AC: 17    Str: 24    XL:     15   Next: 9%
Magic:  16/16      EV: 23    Int: 18    God:    Xom [*.....]
Gold:   2425       SH: 20    Dex: 24    Spells: 14/14 levels left

rFire   + . .      SeeInvis .   E - +11 war axe "Toptemu" {freeze, Fly rPois Int+3}
rCold   + + .      Faith    .   j - +3 buckler
rNeg    . . .      Spirit   .   b - +3 troll leather armour
rPois   +          Reflect  +   (helmet restricted)
rElec   .          Harm     .   z - +1 cloak
rCorr   .          Rampage  .   v - +0 pair of gloves
Will    +....                   (boots unavailable)
Stlth   +++++++...              R - amulet of reflection
HPRegen 1.27/turn               l - +6 ring of strength
MPRegen 0.15/turn               Z - ring of Azijir {rF+ AC+4 Dex+4}

@: flying quickly and evasively, unable to read, quick
A: beak, talons 3, nimble flight, horns 2, large bone plates 1, thin skeletal
structure 2, clever 1, cold resistance 2, robust 1, shaggy fur 1, strong 1,
inability to read while threatened, sturdy frame 1, noise suppression
a: Renounce Religion


You were on level 2 of the Orcish Mines.
You worshipped Xom.
You were a special plaything of Xom.
You visited 3 branches of the dungeon, and saw 18 of its levels.
You also visited: Sewer and Ossuary.

You collected 2941 gold pieces.
You spent 516 gold pieces at shops.

Inventory:

Hand Weapons
 d - a +4 whip of protection
 y - a +4 quarterstaff of chaos
 E - the +11 war axe "Toptemu" (weapon) {freeze, Fly rPois Int+3}
   (You found it on level 6 of the Dungeon)

   It freezes those it strikes, dealing additional cold damage.
   It can also slow down cold-blooded creatures.
   Int:       It affects your intelligence (+3).
   rPois:     It protects you from poison.
   Fly:       It grants you flight.
 Q - a +7 trident of protection
 U - a +3 shortbow of flaming
Missiles
 f - 705 arrows
 i - 66 poisoned darts
 k - 86 bolts
 r - 118 sling bullets
 A - 4 atropa-tipped darts
 P - 3 curare-tipped darts
 Y - 6 silver boomerangs
Armour
 b - a +3 troll leather armour (worn)
 e - a +3 plate armour of cold resistance
 j - a +3 buckler (worn)
 v - a +0 pair of gloves (worn)
 z - a +1 cloak (worn)
Jewellery
 h - a ring of willpower
 l - a +6 ring of strength (left hand)
 R - an amulet of reflection (around neck)
 S - a ring of protection from cold
 Z - the ring of Azijir (right hand) {rF+ AC+4 Dex+4}
   (You found it on level 14 of the Dungeon)

   [ring of protection]

   AC:        It affects your AC (+4).
   Dex:       It affects your dexterity (+4).
   rF:        It protects you from fire.
Wands
 w - a wand of acid (11)
 B - a wand of flame (25) (quivered)
 I - a wand of mindburst (10)
 J - a wand of polymorph (13)
 L - a wand of charming (20)
 M - a wand of iceblast (11)
 N - a wand of paralysis (14)
Scrolls
 g - 9 scrolls of teleportation
 n - a scroll of identify
 o - 2 scrolls of fear
 p - a scroll of amnesia
 u - 8 scrolls of noise
 x - 3 scrolls of blinking
 H - a scroll of fog
 K - a scroll of enchant armour
 O - a scroll of acquirement
 T - a scroll of magic mapping
 W - a scroll of silence
Potions
 a - a potion of attraction
 c - 5 potions of lignification
 q - 7 potions of haste
 s - 2 potions of might
 t - a potion of magic
 D - 2 potions of resistance
 G - 4 potions of invisibility
Miscellaneous
 F - a condenser vane
 V - a phial of floods
 X - a tin of tremorstones (2/2)


   Skills:
 + Level 11.1 Fighting
 + Level 4.5 Long Blades
 + Level 16.2(16.9) Axes
 + Level 8.0(13.1) Maces & Flails
 + Level 3.8 Throwing
 + Level 7.5 Armour
 + Level 9.1 Dodging
 + Level 9.3 Stealth
 + Level 10.0 Shields
 + Level 2.7 Evocations


You had 14 spell levels left.
You didn't know any spells.
Your spell library contained the following spells:

 Spells                   Type           Power      Damage    Failure   Level
 Summon Small Mammal      Summ           0%         N/A       22%         1
 Ensorcelled Hibernation  Hex/Ice        0%         N/A       32%         2
 Passwall                 Tmut/Erth      0%         N/A       32%         2
 Call Canine Familiar     Summ           0%         N/A       54%         3
 Summon Guardian Golem    Hex/Summ       0%         N/A       54%         3
 Swiftness                Air            0%         N/A       54%         3
 Tukima's Dance           Hex            0%         N/A       54%         3
 Fulminant Prism          Conj/Hex       0%         3d6       91%         4
 Iskenderun's Mystic Bla  Conj/Tloc      0%         2d3       91%         4
 Petrify                  Tmut/Erth      0%         N/A       91%         4
 Lee's Rapid Deconstruct  Erth           0%         3d5*      99%         5
 Metabolic Englaciation   Hex/Ice        0%         N/A       99%         5
 Invisibility             Hex            0%         N/A       100%        6
 Statue Form              Tmut/Erth      0%         N/A       100%        6


Dungeon Overview and Level Annotations

Branches:
Dungeon (15/15)            Temple (1/1) D:7            Lair (0/6) D:11
    Orc (2/2) D:9             Elf (0/3) Orc:2        Vaults (0/5) D:13
 Depths (0/4) D:15          Sewer (visited)         Ossuary (visited)

Altars:
Ashenzari
Cheibriados
Dithmenos
Elyvilon
Fedhas
Gozag
Hepliaklqana
Kikubaaqudgha
Makhleb
Nemelex Xobeh
Okawaru
Qazlal
Ru
Sif Muna
Trog
Uskayaw
Vehumet
Wu Jian
Xom
Yredelemnul
Zin
Beogh
Jiyva

Shops:
D:6 *   Orc:2 ((

Annotations:
D:12 8 runed translucent doors


Innate Abilities, Weirdness & Mutations

You have a beak for a mouth.
You have claws for feet.
Your magical nature lets you fly swiftly and evasively.
You have a pair of horns on your head.
You are partially covered in large bone plates. (SH +4)
You have a moderately thin skeletal structure. (Dex +4, Stealth++)
Your mind is acute. (Int +2)
Your flesh is very cold resistant. (rC++)
You are robust. (+10% HP)
You are covered in fur. (AC +1)
Your muscles are strong. (Str +2)
You sometimes lose the ability to read scrolls when taking damage.
Your movements are slightly less encumbered by armour. (ER -2)
You passively dampen the noise of your surroundings.


Message History

Beogh smites you!
* * * LOW HITPOINT WARNING * * *
The orc priest miscasts a cantrip.
You block the hellwing's attack.
The hellwing hits you but does no damage.
The orc high priest utters an invocation to Beogh.
You feel better. You block the warg's attack.
You block the chaos spawn's attack.
The hellwing swoops through the air toward you!
You block the hellwing's attack. The hellwing hits you.
* * * LOW HITPOINT WARNING * * *
The ice devil barely misses you. You block the hellwing's attack. x2
You feel better. The warg completely misses you.
The chaos spawn closely misses you. You block the hellwing's attack. x2
The ice devil closely misses you. The hellwing misses you.
The hellwing completely misses you.
You hit the warg. You freeze the warg.
You kill the warg!
You hit the hellwing but do no damage. You hit the ice devil.
You barely miss the hellwing. You slash something! You freeze something.
You hit the chaos spawn but do no damage.
The chaos spawn misses you. You block the hellwing's attack.
The hellwing misses you. You block the ice devil's attack.
You slice the orc priest!! You freeze the orc priest!
You kill the orc priest!
You hit the chaos spawn but do no damage.
You slash something! You freeze something.
You hit the hellwing but do no damage. You hit the ice devil but do no damage.
You barely miss the hellwing. The hellwing closely misses you.
You block the hellwing's attack.
An orc comes into view.
It is wielding a +1 dagger of protection.
Something hits you.
* * * LOW HITPOINT WARNING * * *
Something shocks you!
* * * LOW HITPOINT WARNING * * *
Something closely misses you.
You hear something invoke the aid of Beogh against you.
Beogh smites you!
You die...
Xom roars with laughter!

.... ..............
..............
............######
.<.....>....#∩...#
.....#......#.)).# ###.
....#.......#.4o)# .....
...#........###o##......
..............4)@oo..8..
............###4##.h...o
...#.##.##..#.4..# .###'
..########..#....# #
..#.## #..#....#
.....#####..#∩...#
.#....#.##..######
.........#... .........#


You could see 2 orc high priests, 2 hellwings, a rust devil (summoned), a chaos
spawn (summoned), a warg, an orc priest and 2 orcs.

Vanquished Creatures
  The ghost of frimble the Grappler, a journeyman TrWr of Cheibriados (D:14)
  2 orc warlords
  A bunyip (D:14)
  Azrael (D:12)
  An ettin (Orc:1)
  2 fire dragons
  An ice dragon (D:15)
  7 hydras
  2 naga warriors (D:14)
  5 boulder beetles
  8 centaur warriors
  An ogre mage (D:15)
  2 dancing weapons (D:13)
  8 two-headed ogres
  2 tengu warriors
  2 orc high priests (Orc:2)
  The ghost of AlleluiaPinecone the Grappler, a novice TrBe of Trog (D:7)
  2 deep elf knights (D:14)
  A goliath frog (shapeshifter) (Orc:1)
  A wizard (D:14)
  Pikel (D:5)
  An orc knight (Orc:1)
  2 orc sorcerers
  12 ugly things
  A manticore (D:12)
  A deep elf pyromancer (D:12)
  4 cyclopes
  Maggie (D:7)
  An unseen horror (shapeshifter) (D:13)
  An unseen horror (D:13)
  8 kobold demonologists
  The ghost of KoroneIsBestGirl the Chiller, a novice DgIE (D:6)
  A freezing wraith (D:15)
  An efreet (D:15)
  7 trolls
  7 slime creatures
  Grinder (D:6)
  A raiju (shapeshifter) (D:15)
  2 centaur simulacra
  A water elemental (D:15)
  2 shadows (D:9)
  3 wraiths
  15 yaks
  A human (shapeshifter) (D:12)
  2 fire elementals (D:12)
  4 basilisks
  Menkaure (D:5)
  4 vampire mosquitoes (D:12)
  Edmund (D:7)
  3 wargs
  5 acid dragons
  6 water moccasins
  2 hell hounds (D:12)
  14 orc warriors
  2 ice beasts
  A black bear (D:4)
  A necrophage (D:7)
  2 sky beasts
  7 ogres
  16 centaurs
  5 kobold brigands
  3 bullfrogs
  2 gnoll sergeants
  3 scorpions
  A hornet simulacrum (D:15)
  4 killer bees
  A howler monkey (D:5)
  A human zombie (Ossuary)
  4 centaur zombies
  5 jellies
  Crazy Yiuf (D:5)
  10 hounds
  20 orc priests
  A bullfrog skeleton (D:5)
  3 gnoll shamans
  2 iguanas (D:5)
  21 orc wizards
  Terence (D:3)
  A killer bee zombie (D:7)
  A hound zombie (D:3)
  5 mummies (Ossuary)
  35 gnolls
  11 adders
  A river rat (Sewer)
  An ufetubus (D:5)
  5 worms (Sewer)
  2 dart slugs (D:4)
  59 orcs
  7 ball pythons
  8 endoplasms
  A giant cockroach (D:2)
  A goblin (D:1)
  4 hobgoblins
  3 jackals
  5 quokkas
  5 bats
  3 frilled lizards (D:1)
  A hobgoblin zombie (Ossuary)
  8 kobolds
  3 kobold zombies (Ossuary)
  An orc zombie (Ossuary)
  7 rats
464 creatures vanquished.

Vanquished Creatures (collateral kills)
  A centaur warrior (D:13)
  The ghost of RepHenryClay the Chopper, a novice NaFi (D:9)
  A slime creature (D:9)
  3 yaks (D:9)
  2 centaurs (D:13)
  A gnoll sergeant (D:13)
  4 killer bees (D:9)
  A jelly (D:9)
  An orc priest (D:9)
  An orc wizard (D:9)
16 creatures vanquished.

Vanquished Creatures (others)
  A deep elf knight (D:14)
  A manticore (D:12)
  A killer bee (D:8)
  An orc (Orc:1)
  3 fungi
7 creatures vanquished.

Grand Total: 487 creatures vanquished

Notes
Turn   | Place    | Note
-------+----------+-------------------------------------------
     0 | D:1      | cheechan the Tengu Chaos Knight began the quest for the
                  | Orb.
     0 | D:1      | Reached XP level 1. HP: 14/14 MP: 2/2
   156 | D:1      | XOM: potion effect (invisibility)
   204 | D:1      | Reached XP level 2. HP: 19/19 MP: 3/3
   525 | D:1      | XOM: silly message
   530 | D:1      | Found a faded altar of an unknown god.
  1185 | D:2      | XOM: noise
  1274 | D:2      | Reached XP level 3. HP: 23/23 MP: 4/4
  1317 | D:2      | Identified a scroll of acquirement
  1317 | D:2      | Acquired 985 gold pieces
  1681 | D:2      | XOM: give mutations
  1681 | D:2      | Gained mutation: Your flesh is cold resistant. (rC+) [Xom's
                  | grace]
  1681 | D:2      | Gained mutation: Your spells are a little harder to cast,
                  | but a little more powerful. [Xom's grace]
  1681 | D:2      | Gained mutation: You have a pair of small horns on your
                  | head. [Xom's grace]
  2125 | D:3      | XOM: god gift: staff of death
  2325 | D:3      | XOM: scenery: summon butterflies
  2336 | D:3      | Found a broken altar of Ashenzari.
  2336 | D:3      | Noticed Terence
  2337 | D:3      | Noticed a scorpion
  2434 | D:3      | Found a shimmering altar of Xom.
  2592 | D:3      | XOM: confuse monster(s)
  2596 | D:3      | Killed Terence
  2597 | D:3      | Reached XP level 4. HP: 29/29 MP: 5/5
  2614 | D:3      | XOM: cast spell 'Alistair's Intoxication'
  2616 | D:3      | Killed a scorpion
  2617 | D:3      | Reached skill level 1 in Maces & Flails
  2617 | D:3      | Reached skill level 1 in Stealth
  2617 | D:3      | Gained mutation: Your magical nature lets you fly swiftly
                  | and evasively. [Tengu growth]
  2617 | D:3      | Reached XP level 5. HP: 33/33 MP: 6/6
  2749 | D:4      | Noticed an ogre
  2758 | D:4      | Killed an ogre
  2772 | D:4      | XOM: cleaving
  2778 | D:4      | Reached XP level 6. HP: 25/38 MP: 7/7
  2798 | D:4      | XOM: cloud trail
  2867 | D:4      | XOM: scenery: summon butterflies
  2954 | D:4      | Reached skill level 1 in Throwing
  2969 | D:4      | Noticed a black bear
  2980 | D:4      | XOM: fake destruction
  2988 | D:4      | Killed a black bear
  2989 | D:4      | Reached XP level 7. HP: 28/43 MP: 8/8
  3099 | D:4      | XOM: cleaving
  3110 | D:4      | XOM: fog
  3112 | D:4      | XOM: give mutations
  3112 | D:4      | Gained mutation: You are covered in fur. (AC +1) [Xom's
                  | grace]
  3112 | D:4      | Gained mutation: You are agile. (Dex +2) [Xom's grace]
  3112 | D:4      | Gained mutation: Your spells are harder to cast, but more
                  | powerful. [Xom's grace]
  3185 | D:4      | Found a bloodstained altar of Trog.
  3204 | D:4      | XOM: noise
  3286 | D:4      | XOM: give mutations
  3286 | D:4      | Lost mutation: Your spells are harder to cast, but more
                  | powerful. [Xom's mischief]
  3286 | D:4      | Gained mutation: Your flesh is heat resistant. (rF+) [Xom's
                  | mischief]
  3493 | D:5      | Entered Level 5 of the Dungeon
  3513 | D:5      | Found a sand-covered staircase.
  3519 | Ossuary  | Entered an ossuary
  3627 | Ossuary  | Reached skill level 1 in Shields
  3649 | Ossuary  | XOM: give mutations
  3649 | Ossuary  | Gained mutation: You sometimes lose the ability to read
                  | scrolls when taking damage. [Xom's mischief]
  3649 | Ossuary  | Gained mutation: You are dopey. (Int -2) [Xom's mischief]
  3649 | Ossuary  | Gained mutation: Your body sometimes deteriorates upon
                  | taking damage. [Xom's mischief]
  3765 | D:5      | Noticed Menkaure
  3775 | D:5      | Killed Menkaure
  3776 | D:5      | Reached XP level 8. HP: 27/48 MP: 9/9
  3808 | D:5      | Found a runed translucent door.
  3809 | D:5      | Noticed Crazy Yiuf
  3864 | D:5      | Killed Crazy Yiuf
  3868 | D:5      | XOM: scenery: create altars
  4019 | D:5      | Reached skill level 5 in Maces & Flails
  4050 | D:5      | HP: 2/48 [acid (4)]
  4198 | D:5      | Found a glowing drain.
  4207 | Sewer    | Entered a sewer
  4655 | Sewer    | Reached skill level 5 in Fighting
  4720 | Sewer    | XOM: god gift: potion of haste
  4818 | Sewer    | XOM: silly message
  5096 | D:5      | XOM: cloud trail
  5247 | D:5      | Reached XP level 9. HP: 47/54 MP: 10/10
  5261 | D:5      | Noticed Pikel
  5270 | D:5      | XOM: divination: detect items
  5281 | D:5      | Killed Pikel
  5340 | D:5      | XOM: cloud trail
  5496 | D:6      | Identified the +11 war axe "Toptemu" {freeze, Fly rPois
                  | Int+3}
  5513 | D:6      | Noticed KoroneIsBestGirl's ghost (novice DgIE)
  5515 | D:6      | Found a runed translucent door.
  5548 | D:6      | Killed KoroneIsBestGirl's ghost
  5597 | D:6      | Found a snail-covered altar of Cheibriados.
  5606 | D:6      | Reached skill level 1 in Axes
  5607 | D:6      | Noticed Grinder
  5610 | D:6      | XOM: divination: magic mapping
  5613 | D:6      | Killed Grinder
  5649 | D:6      | Reached skill level 2 in Axes
  5767 | D:6      | Noticed Edmund
  5767 | D:6      | XOM: silly message
  5771 | D:6      | Reached skill level 5 in Dodging
  5866 | D:6      | XOM: 1-stop teleportation journey
  5885 | D:6      | Reached XP level 10. HP: 60/60 MP: 11/11
  5903 | D:6      | Reached skill level 3 in Axes
  5926 | D:6      | XOM: god gift: 34 gold pieces
  6078 | D:6      | Found Joloaxism's General Store.
  6084 | D:6      | Bought a potion of curing for 36 gold pieces
  6084 | D:6      | Bought a condenser vane for 480 gold pieces
  6135 | D:7      | Killed Edmund
  6238 | D:7      | XOM: scenery: 2 doors open
  6293 | D:7      | Found a runed translucent door.
  6295 | D:7      | Noticed AlleluiaPinecone's ghost (novice TrBe)
  6304 | D:7      | Killed AlleluiaPinecone's ghost
  6305 | D:7      | Reached skill level 5 in Axes
  6305 | D:7      | Reached skill level 5 in Armour
  6412 | D:7      | Lost mutation: You are agile. (Dex +2) [potion of mutation]
  6412 | D:7      | Lost mutation: Your body sometimes deteriorates upon taking
                  | damage. [potion of mutation]
  6412 | D:7      | Gained mutation: You are partially covered in iridescent
                  | scales. (AC +2) [potion of mutation]
  6630 | D:7      | Found a staircase to the Ecumenical Temple.
  6653 | Temple   | Entered the Ecumenical Temple
  7010 | D:7      | Noticed Maggie
  7018 | D:7      | Killed Maggie
  7133 | D:7      | Found a broken altar of Ashenzari.
  7148 | D:7      | Reached skill level 6 in Axes
  7495 | D:8      | Noticed a cyclops
  7504 | D:8      | Killed a cyclops
  7581 | D:8      | Reached skill level 7 in Axes
  7923 | D:8      | XOM: cleaving
  8106 | D:9      | XOM: summons friendly sixfirhy
  8111 | D:9      | Reached XP level 11. HP: 67/67 MP: 12/12
  8140 | D:9      | Reached skill level 8 in Axes
  8155 | D:9      | XOM: give mutations
  8155 | D:9      | Gained mutation: Your natural rate of healing is unusually
                  | fast. [Xom's grace]
  8155 | D:9      | Gained mutation: You passively dampen the noise of your
                  | surroundings. [Xom's grace]
  8155 | D:9      | Gained mutation: You are robust. (+10% HP) [Xom's grace]
  8155 | D:9      | Gained mutation: Your flesh is very cold resistant. (rC++)
                  | [Xom's grace]
  8185 | D:9      | Found a runed translucent gate.
  8185 | D:9      | Found a runed translucent gate.
  8185 | D:9      | Found a runed translucent gate.
  8193 | D:9      | Noticed RepHenryClay's ghost (novice NaFi)
  8198 | D:9      | Found a viscous altar of Jiyva.
  8206 | D:9      | Killed RepHenryClay's ghost
  8207 | D:9      | Reached skill level 9 in Axes
  8304 | D:9      | XOM: cloud trail
  8340 | D:9      | Noticed a two-headed ogre
  8348 | D:9      | Killed a two-headed ogre
  8373 | D:9      | Found a staircase to the Orcish Mines.
  8493 | D:9      | XOM: cast spell 'Alistair's Intoxication'
  8633 | D:9      | Reached skill level 10 in Axes
  8742 | D:10     | Entered Level 10 of the Dungeon
  8754 | D:10     | Noticed a centaur warrior
  8769 | D:10     | Killed a centaur warrior
  8770 | D:10     | Reached skill level 5 in Shields
  8834 | D:10     | XOM: enchant monster (good)
  8910 | D:10     | Found a glowing silver altar of Zin.
  8910 | D:10     | Found a hide-covered altar of Uskayaw.
  8910 | D:10     | Noticed a two-headed ogre
  8918 | D:10     | Killed a two-headed ogre
  8919 | D:10     | Reached skill level 5 in Stealth
  8940 | D:10     | Noticed a two-headed ogre
  8947 | D:10     | XOM: butterfly on damage
  8949 | D:10     | Killed a two-headed ogre
  8950 | D:10     | Reached skill level 11 in Axes
  8950 | D:10     | Reached XP level 12. HP: 42/81 MP: 13/13
  9145 | D:10     | XOM: give mutations
  9145 | D:10     | Gained mutation: You have hidden genetic potential. [Xom's
                  | grace]
  9145 | D:10     | Gained mutation: Your movements are slightly less
                  | encumbered by armour. (ER -2) [Xom's grace]
  9145 | D:10     | Lost mutation: You are dopey. (Int -2) [Xom's grace]
  9145 | D:10     | Gained mutation: You have a pair of horns on your head.
                  | [Xom's grace]
  9175 | D:10     | XOM: give mutations
  9175 | D:10     | Gained mutation: You are agile. (Dex +2) [Xom's grace]
  9175 | D:10     | Gained mutation: You are very agile. (Dex +4) [Xom's grace]
  9285 | D:10     | XOM: give mutations
  9285 | D:10     | Gained mutation: You have a somewhat thin skeletal
                  | structure. (Dex +2, Stealth+) [Xom's grace]
  9285 | D:10     | Gained mutation: You have a moderately thin skeletal
                  | structure. (Dex +4, Stealth++) [Xom's grace]
  9285 | D:10     | Gained mutation: You are partially covered in large bone
                  | plates. (SH +4) [Xom's grace]
  9285 | D:10     | Gained mutation: Your mind is acute. (Int +2) [Xom's grace]
  9300 | D:10     | XOM: divination: detect creatures
  9438 | D:11     | Noticed a four-headed hydra
  9462 | D:11     | Killed a seven-headed hydra
  9488 | D:11     | XOM: 4-stop teleportation journey
  9526 | D:11     | XOM: give mutation
  9526 | D:11     | Gained mutation: Your spells are harder to cast, but more
                  | powerful. [Xom's grace]
  9575 | D:11     | Noticed a two-headed ogre
  9584 | D:11     | Killed a two-headed ogre
  9647 | D:11     | XOM: cloud trail
  9694 | D:11     | Found a staircase to the Lair.
  9694 | D:11     | Noticed a fire dragon
  9769 | D:11     | Noticed a boulder beetle
  9774 | D:11     | XOM: 2-stop teleportation journey
  9803 | D:11     | Killed a fire dragon
  9886 | D:11     | XOM: confuse monster(s)
  9909 | D:11     | Killed a boulder beetle
  9981 | D:11     | XOM: confuse monster(s)
  9987 | D:11     | Reached skill level 1 in Evocations
 10163 | D:11     | XOM: god gift: tin of tremorstones (2/2)
 10352 | D:11     | Found a stormy altar of Qazlal.
 10398 | D:11     | XOM: god gift: 6 silver boomerangs
 10671 | D:12     | Found an ornate altar of the Wu Jian Council.
 10673 | D:12     | Found a stormy altar of Qazlal.
 10673 | D:12     | Found a white marble altar of Elyvilon.
 10675 | D:12     | Found a blossoming altar of Fedhas.
 10675 | D:12     | Found a shimmering altar of Xom.
 10675 | D:12     | Found a sacrificial altar of Ru.
 10755 | D:12     | Noticed a boulder beetle
 10757 | D:12     | Found a large runed translucent door.
 10758 | D:12     | XOM: cast spell 'Necromutation'
 10761 | D:12     | XOM: confuse monster(s)
 10766 | D:12     | Killed a boulder beetle
 10767 | D:12     | Reached skill level 12 in Axes
 10767 | D:12     | XOM: polymorph kobold demonologist -> shapeshifter
 10768 | D:12     | XOM: divination: detect creatures
 10782 | D:12     | Found a large runed translucent door.
 10782 | D:12     | Noticed a deep elf high priest
 10782 | D:12     | Found the amulet of the Four Winds {rN+ Will+++ Clar}
 10786 | D:12     | Noticed a fire giant
 10786 | D:12     | Noticed a tengu reaver
 10808 | D:12     | Found a large runed translucent door.
 10809 | D:12     | Found a large runed translucent door.
 10809 | D:12     | Found a large runed translucent door.
 10809 | D:12     | Found a large runed translucent door.
 10810 | D:12     | Noticed a sphinx
 10899 | D:12     | Noticed Azrael
 10908 | D:12     | Killed Azrael
 11024 | D:12     | XOM: give mutation
 11024 | D:12     | Lost mutation: Your flesh is heat resistant. (rF+) [Xom's
                  | mischief]
 11038 | D:12     | Noticed an eight-headed hydra
 11049 | D:12     | Killed a ten-headed hydra
 11063 | D:12     | Noticed a boulder beetle
 11079 | D:12     | Killed a boulder beetle
 11079 | D:12     | XOM: chaos cloud
 11080 | D:12     | Reached XP level 13. HP: 68/88 MP: 14/14
 11100 | D:12     | Gained mutation: Your muscles are strong. (Str +2) [hidden
                  | potential]
 11139 | D:12     | Reached skill level 13 in Axes
 11211 | D:12     | XOM: 1-stop teleportation journey
 11457 | D:12     | XOM: chaos cloud
 11468 | D:12     | Found a large runed translucent door.
 11469 | D:12     | Found a large runed translucent door.
 11887 | D:13     | XOM: summons 7 hostile demons
 12076 | D:13     | XOM: chaos upgrade
 12094 | D:13     | XOM: 1-stop teleportation journey
 12113 | D:13     | Found a gate to the Vaults.
 12114 | D:13     | XOM: repel stairs
 12143 | D:13     | Reached skill level 14 in Axes
 12295 | D:13     | XOM: stat loss: -1 Dex (23/24)
 12400 | D:13     | XOM: summons friendly ice devil
 12422 | D:13     | XOM: enchant monster (bad)
 12935 | D:14     | Found an iron altar of Okawaru.
 12967 | D:14     | XOM: torment (44/88 hp)
 13067 | D:14     | XOM: give mutations
 13067 | D:14     | Lost mutation: You are very agile. (Dex +4) [Xom's
                  | mischief]
 13067 | D:14     | Lost mutation: Your spells are harder to cast, but more
                  | powerful. [Xom's mischief]
 13067 | D:14     | Lost mutation: You have hidden genetic potential. [Xom's
                  | mischief]
 13067 | D:14     | Lost mutation: You are partially covered in iridescent
                  | scales. (AC +2) [Xom's mischief]
 13154 | D:14     | Found a runed translucent gate.
 13154 | D:14     | Found a runed translucent gate.
 13156 | D:14     | Noticed a merfolk impaler
 13158 | D:14     | Noticed an orc warlord
 13162 | D:14     | Found a runed translucent gate.
 13162 | D:14     | Noticed a naga warrior
 13163 | D:14     | Noticed frimble's ghost (journeyman TrWr)
 13167 | D:14     | Noticed a naga warrior
 13168 | D:14     | Found an iron altar of Okawaru.
 13173 | D:14     | Reached XP level 14. HP: 95/95 MP: 15/15
 13181 | D:14     | XOM: potion effect (haste)
 13184 | D:14     | HP: 4/95 [orc warlord (20)]
 13185 | D:14     | XOM: enchant monster (bad)
 13189 | D:14     | XOM: divination: detect items
 13193 | D:14     | XOM: cast spell 'Olgreb's Toxic Radiance'
 13195 | D:14     | Killed an orc warlord
 13202 | D:14     | XOM: divination: magic mapping
 13211 | D:14     | XOM: polymorph merfolk impaler -> bunyip
 13220 | D:14     | Reached skill level 10 in Fighting
 13224 | D:14     | Reached skill level 15 in Axes
 13245 | D:14     | Killed frimble's ghost
 13266 | D:14     | Identified the ring of Azijir {rF+ AC+4 Dex+4}
 13376 | D:14     | XOM: divination: detect creatures
 13399 | D:14     | XOM: cast spell 'Dispersal'
 13629 | D:15     | Entered Level 15 of the Dungeon
 13656 | D:15     | XOM: blink monster(s)
 13668 | D:15     | XOM: enchant monster (good)
 14090 | D:15     | Found a staircase to the Depths.
 14092 | D:15     | XOM: cast spell 'Necromutation'
 14930 | D:9      | XOM: scenery: summon butterflies
 15805 | Orc:1    | Entered Level 1 of the Orcish Mines
 15847 | Orc:1    | Reached skill level 16 in Axes
 15923 | Orc:1    | XOM: confuse monster(s)
 15979 | Orc:1    | XOM: give mutations
 15979 | Orc:1    | Lost mutation: You are agile. (Dex +2) [Xom's mischief]
 15979 | Orc:1    | Lost mutation: Your natural rate of healing is unusually
                  | fast. [Xom's mischief]
 15979 | Orc:1    | Lost mutation: Your spells are a little harder to cast, but
                  | a little more powerful. [Xom's mischief]
 16059 | Orc:1    | XOM: polymorph orc warrior -> glowing shapeshifter
 16136 | Orc:1    | Noticed an orc warlord
 16143 | Orc:1    | XOM: divination: detect creatures
 16151 | Orc:1    | XOM: summons 2 friendly demons
 16156 | Orc:1    | Reached XP level 15. HP: 45/102 MP: 16/16
 16157 | Orc:1    | Killed an orc warlord
 16468 | Orc:2    | Entered Level 2 of the Orcish Mines
 16661 | Orc:2    | Found a staircase to the Elven Halls.
 16679 | Orc:2    | Found Paomasm's Antique Weapon Boutique.
 16680 | Orc:2    | Found Fistrack's Antique Weapon Emporium.
 16692 | Orc:2    | XOM: confusion
 16698 | Orc:2    | XOM: summons 2 friendly demons
 16702 | Orc:2    | Reached skill level 10 in Shields
 16708 | Orc:2    | XOM: swap monsters
 16710 | Orc:2    | XOM: enchant monster (bad)
 16721 | Orc:2    | Killed from afar by an orc priest

Illustrated notes

Levels and vault maps discovered:
D:1:      minmay_arrival_up_and_down, layout_basic,
          shapermc_ecumenical_altar_acropolis, corexii_item_surrounded_by_moat,
          st_stairs_8
D:2:      layout_loops_ring, minivault_4
D:3:      layout_basic, mainiacjoe_overflow_tiny_flanked,
          ashenzari_conservatory_becter, uniq_terence
D:4:      layout_loops_cross, old_standard_altar
D:5:      layout_basic, nicolae_ossuary_entry_plus, portal_sewer_entry_d,
          uniq_crazy_yiuf_cottage, uniq_menkaure, uniq_pikel
D:6:      layout_cave_pools, old_standard_altar, cheibriados_altar_1,
          hellmonk_ghost_happy_afterlife, serial_gnoll_camp,
          gnoll_camp_mini_loothouse, gnoll_camp_mini_doghouse,
          gnoll_camp_mini_shop, gnoll_camp_mini_basic, gnoll_camp_mini_sergeant,
          minmay_holes, dk_noncrumbling_2, uniq_edmund, uniq_grinder
D:7:      layout_gridville, minmay_temple_entry_arrows,
          ebering_ghost_reflecting_pool, hangedman_feature_mirror, uniq_maggie
D:8:      minmay_inner_zag, layout_cave_pools, st_stairs_9
D:9:      layout_basic, orc_0_dummy, gammafunk_ghost_ooze
D:10:     layout_loops_ring, chequers_temple_overflow_statue_of_worship
D:11:     layout_gridville, minmay_lair_entry_lava,
          nicolae_qazlal_eye_of_the_storm
D:12:     minmay_five_octagons, layout_stronghold, doesnt_xom_only_xom,
          uniq_azrael
D:13:     layout_small_grid, erik_vaults_1, minivault_4
D:14:     layout_small_grid, okawaru_gym_becter, gammafunk_ghost_fury_of_okawaru
D:15:     grunt_enter_depths_hoard, layout_rooms, nrook_pool_corridor
Temple:   regret_index_temple_generic_petals
Orc:1:    layout_caves, basic_altar
Orc:2:    st_orc_town, layout_caves, basic_altar, uniq_sonja, uniq_saint_roka

Skill      XL: |  1  2  3  4  5  6  7  8  9 10 11 12 13 14 15 |
---------------+----------------------------------------------+-----
Dodging        | 2 3 4 5 6 8 9 |  9.1
Long Blades    | 4 |  4.5
Maces & Flails | 1 2 4 6 8 |  8.0
Stealth        | 1 2 3 4 5 7 8 9 |  9.3
Fighting       | 4 5 6 7 8 9 10 11 | 11.1
Armour         | 3 4 6 7 |  7.5
Throwing       | 1 2 3 |  3.8
Shields        | 1 2 3 4 5 6 8 9 10 | 10.0
Axes           | 2 7 11 12 14 16 | 16.2
Evocations     | 2 |  2.7

Action                   |  1- 3 |  4- 6 |  7- 9 | 10-12 | 13-15 || total
-------------------------+-------+-------+-------+-------+-------++-------
Melee: Falchion          |    27 |       |       |       |       ||    27
       Kick              |    13 |     8 |   120 |   105 |   190 ||   436
       Peck              |    13 |     5 |    64 |    72 |   103 ||   257
       Whip              |    36 |    25 |   246 |       |       ||   307
       Headbutt          |     1 |     9 |    61 |    78 |   107 ||   256
       War axe           |       |       |    30 |   292 |   383 ||   705
Throw: Dart              |     2 |    11 |    26 |       |       ||    39
Evoke: Wand              |       |       |       |    13 |     7 ||    20
  Use: Scroll            |    10 |       |     7 |    12 |     8 ||    37
       Potion            |       |       |     1 |     2 |    12 ||    15
 Stab: Sleeping          |     1 |       |     5 |    11 |    12 ||    29
       Distracted        |       |       |       |     1 |     1 ||     2
       Paralysed         |       |       |       |     1 |       ||     1
       Confused          |       |       |       |     7 |     3 ||    10
       Invisible         |       |       |       |       |     3 ||     3
       Petrifying        |       |       |       |       |     1 ||     1
Armor: Leather armour    |    24 |     3 |    49 |       |       ||    76
       Scale mail        |       |       |    13 |    83 |       ||    96
       Troll leather arm |       |       |       |     3 |    62 ||    65
Dodge: Dodged            |    47 |    16 |   161 |   161 |   198 ||   583
Block: Buckler           |     1 |     5 |    78 |   157 |   362 ||   603
       Reflection        |       |       |       |     9 |    23 ||    32

Table legend: (Time is in decaauts)
 A = Elapsed time spent in this place.
 B = Non-inter-level travel time spent in this place.
 C = Inter-level travel time spent in this place.
 D = Time resting spent in this place.
 E = Time spent auto-exploring this place.
 F = Levels seen in this place.
 G = Mean time per level.
                   A        B        C        D        E       F      G
               +--------+--------+--------+--------+--------+-----+--------+
         Total |  15409 |  15409 |      0 |    622 |      0 |  20 |  770.5 |
       Dungeon |  13414 |  13414 |      0 |    469 |      0 |  15 |  894.3 |
        Temple |    206 |    206 |      0 |      0 |      0 |   1 |  206.0 |
  Orcish Mines |    803 |    803 |      0 |      0 |      0 |   2 |  401.5 |
         Sewer |    765 |    765 |      0 |    153 |      0 |   1 |  765.0 |
       Ossuary |    220 |    220 |      0 |      0 |      0 |   1 |  220.0 |
               +--------+--------+--------+--------+--------+-----+--------+

Top non-repeatable levels by time:
    D:12: 1392 daAuts
    D:11: 1278 daAuts
     D:1: 1137 daAuts
    D:10: 1062 daAuts
    D:13: 1025 daAuts
     D:7: 995 daAuts
     D:3: 830 daAuts
     D:5: 798 daAuts
     D:9: 789 daAuts
   Sewer: 765 daAuts
     D:2: 761 daAuts
    D:15: 714 daAuts
     D:4: 698 daAuts
    D:14: 675 daAuts
     D:6: 657 daAuts
